 Dungeon Crawl Stone Soup version 0.32-a0-913-g739538afd8 (webtiles) character file.

Game seed: 18277194287396914967

65 Asher535 the Trooper (level 3, -16/33 HPs)
             Began as a Draconian Berserker on Apr 8, 2024.
             Was a Believer of Trog.
             Killed from afar by Ijyb (19 damage)
             ... with a bolt of acid
             ... on level 3 of the Dungeon.
             The game lasted 00:07:37 (1641 turns).

Asher535 the Trooper (Draconian Berserker)          Turns: 1641, Time: 00:07:37

Health: -16/33     AC:  5    Str: 21    XL:     3   Next: 94%
Magic:  3/3        EV: 16    Int:  7    God:    Trog [**....]
Gold:   103        SH:  5    Dex: 10    Spells: 2/2 levels left

rFire   . . .        n - +0 war axe
rCold   . . .        e - +2 buckler
rNeg    . . .        (body armour unavailable)
rPois   .            (helmet restricted)
rElec   .            (no cloak)
rCorr   .            (no gloves)
SInv    .            (no boots)
Will    .....        (no amulet)
Stlth   +            s - +5 ring of evasion
HPRegen 0.25/turn    (no ring)
MPRegen 0.08/turn

%: no passive effects
@: no status effects
A: AC +5, unfitting armour, cold-blooded
a: Renounce Religion, Berserk, Trog's Hand


You were on level 3 of the Dungeon.
You worshipped Trog.
Trog was pleased with you.
You visited 1 branch of the dungeon, and saw 3 of its levels.

You collected 103 gold pieces.

Inventory:

Hand Weapons
 a - a +0 hand axe
 i - a +0 club
 n - a +0 war axe (weapon)
 q - a +0 spear
Missiles
 c - 4 boomerangs
 f - 11 poisoned darts (quivered)
 h - 32 stones
 k - 4 javelins
Armour
 e - a +2 buckler (worn)
 l - a +0 ring mail
 r - a +0 plate armour
Jewellery
 j - a ring of magical power
 s - a +5 ring of evasion (left hand)
Scrolls
 b - a scroll of noise {unknown}
 g - 2 scrolls of teleportation {unknown}
 m - a scroll of enchant weapon {unknown}
 v - a scroll of identify {unknown}
Potions
 d - a potion of degeneration {unknown}
 o - 3 potions of enlightenment {unknown}
 p - a potion of ambrosia {unknown}
 t - a potion of curing {unknown}
 u - a potion of heal wounds {unknown}


   Skills:
 + Level 4.1 Fighting
 + Level 3.7 Axes
 + Level 3.3 Dodging


You had 2 spell levels left.
You didn't know any spells.
Your spell library was empty.

Dungeon Overview and Level Annotations

Branches:
Dungeon (3/15)

Altars:

Shops:
D:1 [

Annotations:
D:3 Ijyb


Innate Abilities, Weirdness & Mutations

Your plain brown scales are hard. (AC +5)
You cannot fit into any form of body armour.
You are cold-blooded and may be slowed by cold attacks.


Message History

No target in view!
No target in view!
No target in view!
You see here a hobgoblin skeleton.
You see here a +0 dagger.
Found an escape hatch in the ceiling.
There is an escape hatch in the ceiling here.
Done exploring.
Done exploring.
Done exploring.
There are no items here.
You see here a hobgoblin skeleton.
There is a stone staircase leading down here.
You climb downwards.
A malevolent force fills the Dungeon... and a teleportation trap spontaneously manifests!
You are yanked towards some nearby monsters!
Your surroundings suddenly seem different.
Ijyb, a frilled lizard and a hobgoblin come into view.
Ijyb is wielding a +4 dagger of venom, wearing a +0 leather armour of fire resistance and carrying a wand of acid.
Found a scroll labelled PUROUMEATE and a chain mail.
Found a stone staircase leading down.
The frilled lizard hisses angrily.
Ijyb shouts!
You hear a shout!
Ijyb zaps a wand.
The bolt of acid hits you!!
Ouch! That really hurt!
You are too injured to fight recklessly!
You are too injured to fight recklessly!
Ijyb attacks as she pursues you! Ijyb barely misses you.
A hobgoblin comes into view.
Ijyb closely misses you.
Ijyb screams, "Me wand stronger than you!"
Ijyb zaps a wand.
The bolt of acid hits you!
* * * LOW HITPOINT WARNING * * *
The hobgoblin closely misses you.
You slash Ijyb!
Ijyb is heavily wounded.
You barely miss the hobgoblin.
Ijyb zaps a wand.
The bolt of acid hits you!!
Ouch! That really hurt!
You die...
Ijyb screams, "Time for next experiment!"

..............# .
..............# .##
..............# ..#
.>............# #..
....l....?....##.## #.###
.............###....#...#
..............# #..<#
####...gg####.. #...#
#..###@# #.#.# .....#[#g#
...... .....###.. ^.. ...
........... .........?
.........### .... .....
.........# ..........#
.........# ........#


You could see Ijyb, 2 hobgoblins and a frilled lizard.

Vanquished Creatures
  3 adders (D:2)
  2 dart slugs (D:1)
  2 ribbon worms (D:2)
  A giant cockroach (D:1)
  A goblin (D:1)
  3 hobgoblins
  2 jackals (D:1)
  2 quokkas
  2 ball pythons
  4 bats
  6 kobolds
  5 rats
33 creatures vanquished.

Notes
Turn   | Place    | Note
-------+----------+-------------------------------------------
     0 | D:1      | Asher535 the Draconian Berserker began the quest for the
                  | Orb.
     0 | D:1      | Reached XP level 1. HP: 19/19 MP: 1/1
   108 | D:1      | Found a faded altar of an unknown god.
   161 | D:1      | Found Bawnu's Armour Shoppe.
   274 | D:1      | Reached XP level 2. HP: 24/26 MP: 2/2
   992 | D:2      | Reached XP level 3. HP: 27/33 MP: 3/3
  1058 | D:2      | Reached ** piety under Trog
  1286 | D:2      | Reached skill level 4 in Fighting
  1636 | D:3      | Noticed Ijyb
  1641 | D:3      | Killed from afar by Ijyb

Illustrated notes

Levels and vault maps discovered:
D:1:      arrival_zaba_pyramid, layout_loops_ring,
          ebering_ecumenical_altar_rust, serial_shops, nicolae_shop_trees,
          minivault_14, serial_park_tiny_2
D:2:      layout_loops_ring, grunt_ministairs_5
D:3:      layout_rooms, item_on_display_a, uniq_crazy_yiuf_cottage, uniq_robin,
          uniq_ijyb, uniq_natasha

Skill      XL: |  1  2  3 |
---------------+----------+-----
Dodging        | 3 |  3.3
Fighting       | 4 |  4.1
Axes           | |  3.7

Action                     || total
---------------------------++-------
  Melee: Hand axe          ||    29
         Tailslap          ||     4
         War axe           ||    41
  Throw: Dart              ||     2
 Invoke: Berserk           ||     2
   Stab: Sleeping          ||     2
 Armour: Skin              ||    34
  Dodge: Dodged            ||    48
  Block: Buckler           ||     9

Table legend: (Time is in decaauts)
 A = Elapsed time spent in this place.
 B = Non-inter-level travel time spent in this place.
 C = Inter-level travel time spent in this place.
 D = Time resting spent in this place.
 E = Time spent auto-exploring this place.
 F = Levels seen in this place.
 G = Mean time per level.
                   A        B        C        D        E       F      G
               +--------+--------+--------+--------+--------+-----+--------+
         Total |   1680 |   1639 |     41 |      0 |   1132 |   3 |  560.0 |
       Dungeon |   1680 |   1639 |     41 |      0 |   1132 |   3 |  560.0 |
               +--------+--------+--------+--------+--------+-----+--------+

Top non-repeatable levels by time:
     D:1: 973 daAuts
     D:2: 701 daAuts
     D:3: 4 daAuts
